 Dungeon Crawl Stone Soup version 0.20-a0-556-g892c87b (console) character file.

1941 nht the Carver (level 8, -5/62 HPs)
             Began as a Minotaur Gladiator on Feb 8, 2017.
             Was a Follower of Okawaru.
             Slain by a two-headed ogre
             ... wielding a +0 giant spiked club
              (9 damage)
             ... on level 5 of the Dungeon.
             The game lasted 00:06:59 (4232 turns).

nht the Carver (Minotaur Gladiator)                 Turns: 4232, Time: 00:07:00

Health: -5/62      AC:  3    Str: 21    XL:     8   Next: 98%
Magic:  7/7        EV: 13    Int:  7    God:    Okawaru [*.....]
Gold:   339        SH:  0    Dex: 14    Spells: 7/7 levels left

rFire    . . .     SeeInvis .   a - +1 long sword
rCold    . . .     Gourm    .   t - +0 leather armour {MR+}
rNeg     . . .     Faith    .   (no shield)
rPois    .         Spirit   .   c - +0 hat
rElec    .         Reflect  .   (no cloak)
rCorr    .         Harm     .   (no gloves)
MR       ++...                  (no boots)
Stlth    +.........             (no amulet)
Regen    0.2/turn               (no ring)
                                g - +3 ring of slaying

@: no status effects
A: retaliatory headbutt, horns 2, clever 1, magic resistance 1, strong 1
a: Heroism, Renounce Religion


You were on level 5 of the Dungeon.
You worshipped Okawaru.
Okawaru was aware of your devotion.
You were not hungry.

You visited 2 branches of the dungeon, and saw 6 of its levels.

You collected 339 gold pieces.

Inventory:

Hand Weapons
 a - a +1 long sword (weapon)
 j - a +0 dagger of pain
 l - the +5 short sword of Dybriet {flame, MR+ Str+4 Dex+2}
   (You found it on level 5 of the Dungeon)

   It has been specially enchanted to burn those struck by it, causing extra
   injury to most foes and up to half again as much damage against particularly
   susceptible opponents.
   It affects your strength (+4).
   It affects your dexterity (+2).
   It affects your resistance to hostile enchantments.
Missiles
 d - 2 throwing nets
 k - 3 tomahawks (quivered)
 n - 45 poisoned needles
Armour
 c - a +0 hat (worn)
 t - a +0 leather armour of magic resistance (worn)
Jewellery
 g - a +3 ring of slaying (left hand)
Wands
 b - a wand of polymorph (9/24)
Scrolls
 e - a scroll of teleportation
 i - a scroll of remove curse
Potions
 o - a potion of brilliance {unknown}
 p - a potion of berserk rage
 q - 2 potions of cure mutation
 r - a potion of agility
 s - a potion of curing
Comestibles
 f - 2 bread rations
 h - 5 chunks of flesh
 m - 2 meat rations


   Skills:
 - Level 2.4 Fighting
 + Level 13.7 Long Blades
 - Level 2.0 Throwing
 - Level 3.2 Dodging


You had 7 spell levels left.
You didn't know any spells.

Dungeon Overview and Level Annotations

Branches:
Dungeon (5/15)             Temple (1/1) D:4

Altars:
Ashenzari
Elyvilon
Makhleb
Okawaru
Qazlal
Sif Muna
Trog
Uskayaw

Shops:
D:5 =

Annotations:
D:5 Pikel


Innate Abilities, Weirdness & Mutations

You reflexively headbutt those who attack you in melee.
You have a pair of horns on your head.
Your mind is acute. (Int +2)
You are resistant to hostile enchantments. (MR+)
Your muscles are strong. (Str +2)


Message History

Your headbutt misses the two-headed ogre.
The two-headed ogre is almost dead.
You barely miss the two-headed ogre.
The two-headed ogre is almost dead.
The two-headed ogre closely misses you.
The two-headed ogre hits you with a giant club!!
You hit the two-headed ogre.
Your headbutt misses the two-headed ogre.
The two-headed ogre is almost dead.
The two-headed ogre barely misses you.
The two-headed ogre hits you with a giant club!!
* * * LOW HITPOINT WARNING * * *
You slash the two-headed ogre!
Your headbutt misses the two-headed ogre.
The two-headed ogre is almost dead.
You barely miss the two-headed ogre.
You headbutt the two-headed ogre, but do no damage.
The two-headed ogre is almost dead.
The two-headed ogre hits you with a giant spiked club!
You die...

████.............(..██
█............(.████
..████..............█
:...................█
.████..............█
█........█.█.█O█
██████████.....██'.......
█....██........████.......
█ █....██...O@..........
... █.██....███(......████
█........((...........
█......O...█.█.█████.█
███pp......█.█ .
█p██████.....
█.███.██████...≈.
█....5h.......≈≈.≈
█████.███████.≈≈∩


You could see a two-headed ogre and an ogre (wandering).

Vanquished Creatures
  A two-headed ogre (D:4)
  Grinder (D:5)
  The ghost of TotoDurand the Shield-Bearer, an amateur DrFi of Makhleb (D:3)
  Eustachio (D:5)
  A steam dragon (D:5)
  A slave (D:5)
  A phantom (D:5)
  A bullfrog zombie (D:5)
  A howler monkey (D:5)
  2 crimson imps (D:5)
  A hound (D:2)
  A jelly (D:5)
  An orc priest (D:4)
  4 orc wizards
  A bullfrog skeleton (D:4)
  2 iguanas
  A worker ant (D:4)
  4 adders
  4 worms (D:3)
  7 dart slugs (D:5)
  3 leopard geckos
  22 orcs
  3 giant cockroaches
  6 hobgoblins
  4 jackals (D:5)
  4 quokkas
  A ball python (D:2)
  10 bats
  2 frilled lizards
  3 goblins
  A jackal zombie (D:5)
  A kobold (D:1)
  9 rats
  A fungus (D:3)
107 creatures vanquished.

Notes
Turn   | Place    | Note
-------+----------+-------------------------------------------
     0 | D:1      | nht the Minotaur Gladiator began the quest for the Orb.
     0 | D:1      | Reached XP level 1. HP: 18/18 MP: 0/0
    82 | D:1      | Reached skill level 4 in Long Blades
   135 | D:1      | Reached XP level 2. HP: 22/25 MP: 1/1
   856 | D:2      | Found a white marble altar of Elyvilon.
   963 | D:2      | Reached skill level 5 in Long Blades
   969 | D:2      | Found a stormy altar of Qazlal.
   969 | D:2      | Found a deep blue altar of Sif Muna.
   990 | D:2      | Found a shattered altar of Ashenzari.
  1084 | D:2      | Reached XP level 3. HP: 11/30 MP: 2/2
  1204 | D:2      | Found a burning altar of Makhleb.
  1207 | D:2      | Reached XP level 4. HP: 13/37 MP: 3/3
  1461 | D:3      | Reached skill level 6 in Long Blades
  1534 | D:3      | Noticed TotoDurand's ghost (amateur DrFi)
  1537 | D:3      | Gained mutation: Your mind is acute. (Int +2) [potion of mutation]
  1537 | D:3      | Gained mutation: You are resistant to hostile enchantments. (MR+) [potion of mutation]
  1537 | D:3      | Gained mutation: Your muscles are strong. (Str +2) [potion of mutation]
  1547 | D:3      | Killed TotoDurand's ghost
  1547 | D:3      | Reached skill level 7 in Long Blades
  1547 | D:3      | Reached XP level 5. HP: 32/42 MP: 4/4
  1687 | D:3      | Reached skill level 8 in Long Blades
  2077 | D:4      | Reached XP level 6. HP: 48/50 MP: 5/5
  2196 | D:4      | Reached skill level 9 in Long Blades
  2483 | D:4      | Noticed a two-headed ogre
  2497 | D:4      | Killed a two-headed ogre
  2497 | D:4      | Reached skill level 11 in Long Blades
  2497 | D:4      | Reached XP level 7. HP: 22/56 MP: 6/6
  2497 | D:4      | Reached XP level 8. HP: 25/62 MP: 7/7
  3042 | D:4      | Found a staircase to the Ecumenical Temple.
  3120 | Temple   | Entered the Ecumenical Temple
  3174 | Temple   | Became a worshipper of Warmaster Okawaru
  3242 | D:5      | Entered Level 5 of the Dungeon
  3274 | D:5      | Noticed Sigmund
  3366 | D:5      | Noticed Eustachio
  3367 | D:5      | Reached skill level 12 in Long Blades
  3380 | D:5      | Killed Eustachio
  3656 | D:5      | Found a hide-covered altar of Uskayaw.
  3683 | D:5      | Noticed Sigmund
  3683 | D:5      | Sigmund changed into Sigmund the steam dragon
  3687 | D:5      | Killed Sigmund the steam dragon
  3687 | D:5      | Reached skill level 13 in Long Blades
  3719 | D:5      | Noticed Pikel
  3720 | D:5      | Noticed a two-headed ogre
  3725 | D:5      | Found Jerrur's Jewellery Emporium.
  4080 | D:5      | Noticed Grinder
  4090 | D:5      | Killed Grinder
  4090 | D:5      | Reached * piety under Okawaru
  4189 | D:5      | Got a dazzling short sword
  4190 | D:5      | Identified the +5 short sword of Dybriet {flame, MR+ Str+4 Dex+2} (You found it on level 5 of the Dungeon)
  4232 | D:5      | Slain by a two-headed ogre

Vault maps used:
D:1:      minmay_arrival_hallway
D:2:      makhleb_blood_cavern_becter, minitemple, elyvilon_altar_4
D:3:      first_bread, minmay_gold_behind_fungi
D:4:      minmay_temple_entry_poolview
D:5:      kennysheep_slugbush, lemuel_zombie_altar_kikubaaqudgha,
          kennysheep_mini, serial_shops, nicolae_shop_waterfront,
          kennysheep_small_spiral, st_stairs_4, kennysheep_generic_room_15,
          uniq_sigmund, uniq_grinder, uniq_eustachio, uniq_pikel
Temple:   nicolae_temple_figure_eight

Skill      XL: |  1  2  3  4  5  6  7  8 |
---------------+-------------------------+-----
Long Blades    | 4 5 7 8 11 13 | 13.7
Fighting       | |  2.4
Throwing       | |  2.0
Dodging        | |  3.2

Action                   |  1- 3 |  4- 6 |  7- 9 || total
-------------------------+-------+-------+-------++-------
Melee: Long sword        |    40 |    77 |   115 ||   232
       Headbutt          |     4 |    17 |    14 ||    35
       Short sword       |       |       |     2 ||     2
Throw: Throwing net      |       |     2 |       ||     2
       Tomahawk          |       |       |     4 ||     4
Evoke: Wand              |       |       |     1 ||     1
  Use: Scroll            |     3 |     5 |     5 ||    13
       Potion            |     2 |     1 |       ||     3
 Stab: Sleeping          |     1 |       |     1 ||     2
  Eat: Chunk             |     1 |     4 |     5 ||    10
Armor: Leather armour    |    13 |    14 |    11 ||    38
Dodge: Dodged            |    37 |    35 |    58 ||   130
       Rpst.: Long sword |     8 |    12 |     9 ||    29
